 Dungeon Crawl Stone Soup version 0.28.0 (webtiles) character file.

Game seed: 8270425957017741017

842 Pennybags the Poker (level 7, -4/62 HPs)
             Began as a Minotaur Berserker on Feb 12, 2022.
             Was a Believer of Trog.
             Shot with an arrow by a centaur (12 damage)
             ... on level 8 of the Dungeon.
             The game lasted 00:33:32 (4090 turns).

Pennybags the Poker (Minotaur Berserker)            Turns: 4090, Time: 00:33:33

Health: -4/62      AC: 14    Str: 27      XL:     7   Next: 67%
Magic:  6/6        EV:  9    Int:  1 (2)  God:    Trog [**....]
Gold:   151        SH:  0    Dex: 10      Spells: 6/6 levels left

rFire   . . .      SeeInvis .   a - +0 spear
rCold   . . .      Faith    .   (no shield)
rNeg    + . .      Spirit   .   j - +0 chain mail
rPois   .          Reflect  .   (helmet restricted)
rElec   .          Harm     .   (no cloak)
rCorr   .          Rampage  .   (no gloves)
Will    +++..                   f - +3 pair of boots of Horuplun {rN+ Str+4 Int-2}
Stlth   ..........              (no amulet)
HPRegen 1.20/turn               (no ring)
MPRegen 0.10/turn               (no ring)

@: lethally poisoned (-4 -> -5), strong-willed, regenerating
A: horns 2, retaliatory headbutt, deterioration 2, strong-willed 1, noise
suppression
a: Renounce Religion, Berserk, Trog's Hand


You were on level 8 of the Dungeon.
You worshipped Trog.
Trog was pleased with you.
You visited 1 branch of the dungeon, and saw 6 of its levels.

You collected 151 gold pieces.

Inventory:

Hand Weapons
 a - a +0 spear (weapon)
 d - a +0 hunting sling
 k - a +0 dagger of electrocution
Armour
 f - the +3 pair of boots of Horuplun (worn) {rN+ Str+4 Int-2}
   (You acquired it on level 2 of the Dungeon)

   Str:       It affects your strength (+4).
   Int:       It affects your intelligence (-2).
   rN:        It protects you from negative energy.
 j - a +0 chain mail (worn)
Jewellery
 c - a ring of poison resistance
Scrolls
 b - 2 scrolls of amnesia
 h - a scroll of teleportation
 m - a scroll of noise
 n - a scroll of vulnerability
 o - a scroll of magic mapping
Potions
 e - a potion of magic
 g - a potion of invisibility
 i - a potion of curing
 l - a potion of flight {unknown}


   Skills:
 + Level 5.9 Fighting
 + Level 7.7 Polearms
 + Level 5.2 Armour
 + Level 3.3 Dodging
 + Level 2.0 Stealth


You had 6 spell levels left.
You didn't know any spells.
Your spell library contained the following spells:

 Spells                   Type           Power      Damage    Failure   Level
 Gell's Gravitas          Tloc           0%         N/A       100%        3
 Lesser Beckoning         Tloc           0%         N/A       100%        3
 Teleport Other           Tloc           0%         N/A       100%        3


Dungeon Overview and Level Annotations

Branches:
Dungeon (5/15)
 Temple: D:4-7

Altars:
Ashenzari


Innate Abilities, Weirdness & Mutations

You have a pair of horns on your head.
You reflexively headbutt those who attack you in melee.
Your body often deteriorates upon taking damage.
You are strong-willed. (Will+)
You passively dampen the noise of your surroundings.


Message History

The centaur hits you.
The centaur kicks you but does no damage.
The centaur hits you but does no damage.
The centaur kicks you.
The centaur hits you but does no damage.
The centaur kicks you but does no damage.
The centaur wields a +0 shortbow.
The centaur shoots an arrow.
The arrow closely misses you.
The centaur wields a +0 shortbow.
The centaur shoots an arrow.
The arrow hits you!
The kobold brigand hits you but does no damage.
The centaur shoots an arrow.
The arrow hits you.
Found 12 gold pieces.
The centaur shoots an arrow.
The arrow closely misses you.
The kobold brigand throws a poisoned dart.
The poisoned dart hits you!
You are poisoned.
The centaur shoots an arrow.
The arrow completely misses you.
You feel very sick.
The centaur shoots an arrow.
The arrow hits you.
The kobold brigand throws a poisoned dart.
The poisoned dart misses you.
You feel sick.
The centaur shoots an arrow.
The arrow hits you.
* * * LOW HITPOINT WARNING * * *
You feel sick.
The centaur shoots an arrow.
The arrow closely misses you.
You feel sick.
The centaur shoots an arrow.
The arrow hits you but does no damage.
The centaur shoots an arrow.
The arrow barely misses you.
You feel sick.
The centaur shoots an arrow.
The arrow hits you but does no damage.
The kobold brigand throws a poisoned dart.
The poisoned dart closely misses you.
You see here 12 gold pieces.
You feel sick.
The centaur shoots an arrow.
The arrow hits you but does no damage.
The centaur shoots an arrow.
The arrow barely misses you.
Your skin crawls.
You feel strong-willed.
You feel sick.
The centaur shoots an arrow.
The arrow closely misses you.
The centaur shoots an arrow.
The arrow hits you!
You die...

#.......#
#..........[..#..#.
#.......#
#...............##
#####.###
#...............# #.#
#......K....#...# #.#
#.o.c.......#..## #.#
#####.K.c.......#..# ##
#.#
#.........#######..###.
#.. #.# #.....o$..#
#...... #...#.#
#.....@...# #...#..
#...#.# #.........#
#...# .
#...#.####.........#
#.#>#
#.............######
#.### #..........###
#.# #..........# #.#
#..........# #.#
#..........# #.#
#..........# #.#


You could see 2 kobold brigands, 2 centaurs and 2 orcs.

Vanquished Creatures
  Sigmund (D:3)
  A sky beast (D:8)
  An ogre (D:2)
  A centaur (D:8)
  A phantom (D:5)
  A bullfrog (D:8)
  A kobold brigand (D:8)
  A scorpion (D:4)
  A hound (D:4)
  A howler monkey zombie (D:5)
  3 adders
  5 dart slugs
  2 worms
  8 orcs
  8 endoplasms
  8 goblins
  3 hobgoblins
  2 jackals (D:4)
  5 quokkas
  7 ball pythons
  3 bats
  4 frilled lizards
  8 kobolds
  24 rats
100 creatures vanquished.

Notes
Turn   | Place    | Note
-------+----------+-------------------------------------------
     0 | D:1      | Pennybags the Minotaur Berserker began the quest for the
                  | Orb.
     0 | D:1      | Reached XP level 1. HP: 19/19 MP: 0/0
   333 | D:1      | Reached skill level 4 in Polearms
   633 | D:1      | Reached XP level 2. HP: 22/27 MP: 1/1
  1374 | D:2      | Noticed an ogre
  1380 | D:2      | Killed an ogre
  1381 | D:2      | Reached skill level 5 in Polearms
  1381 | D:2      | Reached XP level 3. HP: 34/34 MP: 2/2
  1381 | D:2      | Reached XP level 4. HP: 41/41 MP: 3/3
  1526 | D:2      | Reached ** piety under Trog
  1683 | D:2      | Identified a scroll of acquirement
  1684 | D:2      | Acquired the +3 pair of boots of Horuplun {rN+ Str+4 Int-2}
  2111 | D:3      | Reached XP level 5. HP: 47/47 MP: 4/4
  2157 | D:3      | Reached skill level 1 in Stealth
  2348 | D:3      | Noticed Sigmund
  2387 | D:3      | Killed Sigmund
  2388 | D:3      | Reached skill level 5 in Fighting
  2388 | D:3      | Reached skill level 6 in Polearms
  2388 | D:3      | Reached XP level 6. HP: 41/56 MP: 5/5
  2638 | D:3      | Found a broken altar of Ashenzari.
  3159 | D:4      | Gained mutation: Your movements are slightly less
                  | encumbered by armour. (ER -2) [potion of mutation]
  3159 | D:4      | Gained mutation: Your body sometimes deteriorates upon
                  | taking damage. [potion of mutation]
  3159 | D:4      | Gained mutation: You are partially covered in iridescent
                  | scales. (AC +2) [potion of mutation]
  3248 | D:4      | Lost mutation: Your movements are slightly less encumbered
                  | by armour. (ER -2) [potion of mutation]
  3248 | D:4      | Lost mutation: You are partially covered in iridescent
                  | scales. (AC +2) [potion of mutation]
  3248 | D:4      | Gained mutation: You passively dampen the noise of your
                  | surroundings. [potion of mutation]
  3248 | D:4      | Gained mutation: Your body often deteriorates upon taking
                  | damage. [potion of mutation]
  3248 | D:4      | Gained mutation: You are strong-willed. (Will+) [potion of
                  | mutation]
  3462 | D:4      | Reached *** piety under Trog
  3671 | D:5      | Entered Level 5 of the Dungeon
  3678 | D:5      | Reached XP level 7. HP: 49/61 MP: 6/6
  3805 | D:5      | You fall into a shaft and drop 3 floors!
  3840 | D:8      | Reached skill level 7 in Polearms
  3923 | D:8      | HP: 4/93 [centaur (4)]
  3997 | D:8      | Reached skill level 5 in Armour
  4090 | D:8      | Shot with an arrow by a centaur

Illustrated notes

Levels and vault maps discovered:
D:1:      eino_arrival_cavern_d, layout_basic
D:2:      layout_loops_ring, roderic_filled_cross
D:3:      layout_basic, mainiacjoe_overflow_surrounded_room, minmay_rat_hole,
          uniq_sigmund
D:4:      layout_loops_ring
D:5:      layout_loops_ring
D:8:      layout_basic, minmay_pinched_square

Skill      XL: |  1  2  3  4  5  6  7 |
---------------+----------------------+-----
Polearms       | 4 5 6 7 |  7.7
Fighting       | 4 5 |  5.9
Armour         | 3 4 5 |  5.2
Stealth        | 1 2 |  2.0
Dodging        | 3 |  3.3

Action                   |  1- 3 |  4- 6 |  7- 9 || total
-------------------------+-------+-------+-------++-------
Melee: Spear             |    48 |   158 |    44 ||   250
       Headbutt          |     6 |    14 |     6 ||    26
       Punch             |       |     3 |       ||     3
Invok: Berserk           |     2 |     2 |     2 ||     6
       Trog's Hand       |       |     1 |     4 ||     5
  Use: Scroll            |     1 |    10 |     1 ||    12
       Potion            |     1 |     2 |     2 ||     5
 Stab: Sleeping          |     2 |     1 |       ||     3
Armor: Animal skin       |     2 |     1 |       ||     3
       Chain mail        |       |    33 |    84 ||   117
Dodge: Dodged            |    13 |    38 |    38 ||    89
